 Dungeon Sprint DCSS version 0.29-a0-994-gc5c9f59d18 (webtiles) character file.

Game seed: 13489269084398699008

1612 Hubris850 the Basher (level 8, -1/151 HPs)
             Began as an Ogre Berserker on Aug 3, 2022.
             Was a High Priest of Trog.
             Slain by a spriggan
             ... wielding a +0 spear
              (10 damage)
             ... in the Dungeon (Sprint VII: "The Pits").
             The game lasted 00:05:45 (1065 turns).

Hubris850 the Basher (Ogre Berserker)               Turns: 1065, Time: 00:05:46

Health: -1/151     AC:  5    Str: 27    XL:     8   Next: 95%
Magic:  8/8        EV: 11    Int:  8    God:    Trog [*****.]
Gold:   0          SH:  0    Dex: 11    Spells: 7/7 levels left

rFire   . . .      SeeInvis .   l - +0 flail (vorpal)
rCold   . . .      Faith    .   (no shield)
rNeg    . . .      Spirit   .   e - +0 troll leather armour {Pargi}
rPois   .          Reflect  .   (helmet restricted)
rElec   .          Harm     .   (no cloak)
rCorr   .          Rampage  .   (gloves unavailable)
Will    .....      NoTele   +   (boots unavailable)
Stlth   ..........              (no amulet)
HPRegen 1.15/turn               j - +3 ring of dexterity
MPRegen 0.11/turn               n - +3 ring of strength

@: berserking, very quick
A: large, unfitting armour, tough skin 1
a: Renounce Religion, Berserk, Trog's Hand, Brothers in Arms


You were in the Dungeon.
You worshipped Trog.
Trog was extremely pleased with you.
You visited 1 branch

Inventory:

Hand Weapons
 a - a +0 mace
 i - a +2 mace
 l - a +0 vorpal flail (weapon)
 m - a +1 long sword of flaming
Armour
 b - a +0 animal skin
 e - a +0 troll leather armour (worn) {Pargi}
Jewellery
 j - a +3 ring of dexterity (left hand)
 n - a +3 ring of strength (right hand)
Scrolls
 h - a scroll of blinking
 k - a scroll of summoning
Potions
 c - 6 potions of curing
 d - 7 potions of heal wounds
 f - 4 potions of magic
 g - 5 potions of berserk rage
 o - a potion of resistance
 p - a potion of might


   Skills:
 - Level 12.5 Fighting
 + Level 14.5 Maces & Flails
 - Level 7.0 Dodging


You had 7 spell levels left.
You didn't know any spells.
Your spell library was empty.

Dungeon Overview and Level Annotations

Branches:
Dungeon (1/1)

Altars:


Innate Abilities, Weirdness & Mutations

You are too large for most types of armour.
You have tough skin. (AC +1)


Message History

The spriggan rider hits you from afar with a +0 spear!
* * * LOW HITPOINT WARNING * * *
The spriggan rider hits you with a +0 spear.
* * * LOW HITPOINT WARNING * * *
There is a huge open gate to the Metal Vault (Medium) here.
You see here a killer bee corpse.
You feel much better. The spriggan rider closely misses you.
A red film seems to cover your vision as you go berserk!
You feel yourself moving faster!
You feel mighty!
The spriggan rider hits you with a +0 spear!!
* * * LOW HITPOINT WARNING * * *
You barely miss the spriggan rider.
The spriggan rider hits you with a +0 spear!
* * * LOW HITPOINT WARNING * * *
You bludgeon the spriggan rider!!
The spriggan rider is heavily wounded.
You hit the spriggan rider.
You kill the hornet!
Trog accepts your kill.
The spriggan falls from its now dead mount.
The spriggan is moderately wounded.
Your Maces & Flails skill increases to level 14!
You barely miss the spriggan.
The spriggan is moderately wounded.
The spriggan hits you with a +0 spear!
* * * LOW HITPOINT WARNING * * *
You thump the spriggan!
The spriggan is almost dead.
You miss the spriggan.
The spriggan is almost dead.
The spriggan hits you with a +0 spear.
* * * LOW HITPOINT WARNING * * *
The spriggan blocks your attack.
The spriggan is almost dead.
You closely miss the spriggan.
The spriggan is almost dead.
You barely miss the spriggan.
The spriggan is almost dead.
The spriggan hits you with a +0 spear!
You die...

##########++######
###+##................#
))'.##......#..#......#
###.##................+
....)'................+
'#####......#..#......#
.#[[##.........)......#
.#).#####'#####†@######
##.)##.......##'i#
.#))##.......##...
)#..##.......##....
##'###...<...##.....
†...##.......##...###
....##.......##..##
######.......##++#
##..##########


You could see a spriggan.

Vanquished Creatures
  An anaconda (D)
  A hornet (D)
  A polar bear (D)
  2 floating eyes (D)
  Pargi (D)
  A wolf (D)
  A scorpion (D)
  3 killer bees (D)
  A hound (D)
  A white imp (D)
  2 adder zombies (D)
  2 worms (D)
  2 orcs (D)
  A bat skeleton (D)
  A kobold (D)
  A quokka (D)
  A ball python (D)
  2 bats (D)
  3 rats (D)
28 creatures vanquished.

Notes
Turn   | Place    | Note
-------+----------+-------------------------------------------
     0 | D        | Hubris850 the Ogre Berserker began the quest for the Orb.
     0 | D        | Reached XP level 1. HP: 24/24 MP: 1/1
    42 | D        | Reached skill level 3 in Maces & Flails
    47 | D        | Reached ** piety under Trog
    50 | D        | Noticed a scorpion
    53 | D        | Killed a scorpion
    54 | D        | Reached skill level 4 in Maces & Flails
    54 | D        | Reached XP level 2. HP: 27/40 MP: 2/2
    54 | D        | Reached XP level 3. HP: 31/46 MP: 3/3
    54 | D        | Reached XP level 4. HP: 37/55 MP: 4/4
   297 | D        | Reached *** piety under Trog
   380 | D        | Reached skill level 5 in Maces & Flails
   380 | D        | Reached skill level 5 in Dodging
   380 | D        | Reached **** piety under Trog
   383 | D        | Noticed a wolf
   383 | D        | Noticed Pargi
   397 | D        | Killed a wolf
   398 | D        | Reached skill level 6 in Maces & Flails
   398 | D        | Reached XP level 5. HP: 51/66 MP: 5/5
   460 | D        | Killed Pargi
   461 | D        | Reached skill level 10 in Fighting
   461 | D        | Reached skill level 7 in Maces & Flails
   461 | D        | Reached XP level 6. HP: 12/78 MP: 6/6
   809 | D        | Noticed a polar bear
   816 | D        | Killed a polar bear
   816 | D        | Reached ***** piety under Trog
   817 | D        | Reached skill level 8 in Maces & Flails
   817 | D        | Reached XP level 7. HP: 92/92 MP: 7/7
   848 | D        | Paralysed by a floating eye for 3 turns
   854 | D        | Reached skill level 9 in Maces & Flails
   859 | D        | Reached skill level 10 in Maces & Flails
   869 | D        | Noticed an anaconda
   886 | D        | Killed an anaconda
   887 | D        | Reached skill level 13 in Maces & Flails
   887 | D        | Reached XP level 8. HP: 38/101 MP: 8/8
   956 | D        | Found the +7 sceptre of Torment {pain, torment}
  1041 | D        | Noticed a spriggan rider
  1045 | D        | Received a gift from Trog
  1059 | D        | Killed a hornet
  1060 | D        | Reached skill level 14 in Maces & Flails
  1060 | D        | HP: 7/151 [spriggan/+0 spear (8)]
  1065 | D        | Slain by a spriggan

Illustrated notes

Levels and vault maps discovered:
D:        pitsprint [storerooms_1, entrance_room_1, metal_vault_4, armoury_3,
          mini_pit_1, grid_room_1, main_hall_1, silver_pit, the_coven_2,
          the_vestibule_1, steel_vault_1, golden_pit, hallway_of_sentries,
          crystal_vault_4, iron_vault_4, final_vault]

Skill      XL: |  1  2  3  4  5  6  7  8 |
---------------+-------------------------+-----
Maces & Flails | 4 6 7 8 13 14 | 14.5
Dodging        | 4 6 7 |  7.0
Fighting       | 7 8 10 12 | 12.5

Action                   |  1- 3 |  4- 6 |  7- 9 || total
-------------------------+-------+-------+-------++-------
Melee: Mace              |    12 |    16 |       ||    28
       Flail             |       |    57 |    44 ||   101
       Punch             |       |     1 |     1 ||     2
Invok: Berserk           |     1 |     3 |     2 ||     6
  Use: Potion            |       |     5 |     2 ||     7
Armor: Animal skin       |     3 |    20 |       ||    23
       Troll leather arm |       |    16 |     5 ||    21
Dodge: Dodged            |     6 |    66 |    17 ||    89

Table legend: (Time is in decaauts)
 A = Elapsed time spent in this place.
 B = Non-inter-level travel time spent in this place.
 C = Inter-level travel time spent in this place.
 D = Time resting spent in this place.
 E = Time spent auto-exploring this place.
 F = Levels seen in this place.
 G = Mean time per level.
                   A        B        C        D        E       F      G
               +--------+--------+--------+--------+--------+-----+--------+
         Total |   1089 |   1051 |     38 |    631 |      0 |   1 | 1089.0 |
       Dungeon |   1089 |   1051 |     38 |    631 |      0 |   1 | 1089.0 |
               +--------+--------+--------+--------+--------+-----+--------+

Top non-repeatable levels by time:
       D: 1089 daAuts
